 Dungeon Crawl Stone Soup version 0.22-b1-26-g9dbaab1 (webtiles) character file.

370 Goblin1989 the Cleaver (level 6, -1/51 HPs)
             Began as a Hill Orc Berserker on Aug 6, 2018.
             Was a Believer of Trog.
             Killed from afar by an orc wizard (11 damage)
             ... with a magic dart
             ... on level 5 of the Dungeon.
             The game lasted 00:10:40 (4768 turns).

Goblin1989 the Cleaver (Hill Orc Berserker)         Turns: 4768, Time: 00:10:40

Health: -1/51      AC:  3    Str: 22    XL:     6   Next: 70%
Magic:  6/6        EV: 12    Int:  7    God:    Trog [**....]
Gold:   204        SH:  0    Dex: 10    Spells: 5/5 levels left

rFire    . . .     SeeInvis .   a - +0 hand axe
rCold    . . .     Gourm    .   (no shield)
rNeg     . . .     Faith    .   b - +1 animal skin
rPois    .         Spirit   .   (no helmet)
rElec    .         Reflect  .   (no cloak)
rCorr    .         Harm     .   (no gloves)
MR       ++...                  (no boots)
Stlth    +.........             (no amulet)
HPRegen  1.17/turn              (no ring)
MPRegen  0.10/turn              (no ring)

@: berserk cooldown, regenerating, slowed, very slow
A: no striking features
a: Berserk, Trog's Hand, Renounce Religion, Convert to Beogh


You were on level 5 of the Dungeon.
You worshipped Trog.
Trog was pleased with you.
You were near starving.

You visited 1 branch of the dungeon, and saw 5 of its levels.

You collected 204 gold pieces.

Inventory:

Hand Weapons
 a - a +0 hand axe (weapon)
Armour
 b - a +1 animal skin (worn)
Scrolls
 j - a scroll of fog
 n - 2 scrolls of enchant armour
 R - 2 scrolls of identify {@r1}
 T - a scroll of teleportation
 U - 2 scrolls of remove curse {@r3}
Potions
 f - 3 potions of haste
 l - 4 potions of curing {@q1}
 o - a potion of degeneration
 r - a potion of agility {@q5}
Comestibles
 e - 10 rations


   Skills:
 - Level 3.6 Fighting
 + Level 9.6 Axes
 - Level 2.1 Armour
 - Level 1.5 Dodging


You had 5 spell levels left.
You didn't know any spells.
Your spell library was empty.

Dungeon Overview and Level Annotations

Branches:
Dungeon (5/15)             Temple (0/1) D:4

Altars:
Gozag
Kikubaaqudgha
Nemelex Xobeh
Qazlal
Uskayaw
Xom


Message History

You are too injured to fight recklessly!
You are too injured to fight recklessly!
You are too injured to fight recklessly!
You are too injured to fight recklessly!
You are too injured to fight recklessly!
You are too injured to fight recklessly!
You are too injured to fight recklessly!
You are too injured to fight recklessly!
You are too injured to fight recklessly!
You are too injured to fight recklessly!
You are too injured to fight recklessly!
You are too injured to fight recklessly!
You are too injured to fight recklessly!
You are too injured to fight recklessly!
You are too injured to fight recklessly!
You are too injured to fight recklessly!
You are too injured to fight recklessly!
You are too injured to fight recklessly!
You are too injured to fight recklessly!
You are too injured to fight recklessly!
You are too injured to fight recklessly!
You are too injured to fight recklessly!
You are too injured to fight recklessly!
You are too injured to fight recklessly!
You are too injured to fight recklessly!
A red film seems to cover your vision as you go berserk!
You feel yourself moving faster!
You feel mighty!
You are feeling very hungry.
A jackal comes into view.
The orc wizard gestures at you while chanting.
You are confused.
The orc completely misses you.
The orc priest invokes the aid of Beogh against you.
Beogh smites you!
* * * LOW HITPOINT WARNING * * *
You now have 33/76 hp.
You're too confused to move!
You feel a strong urge to attack something.
The orc wizard hits you but does no damage.
A jackal comes into view.
The orc barely misses you. The orc wizard hits you with a dagger.
* * * LOW HITPOINT WARNING * * *
You take 2 damage, and have 31/76 hp.
You miss the orc wizard.
The orc wizard is moderately wounded.
You are near starving!
You completely miss the orc wizard.
The orc wizard is moderately wounded.
You hit the orc but do no damage.
An orc comes into view. It is wielding a mace.
The orc wizard hits you with a dagger.
* * * LOW HITPOINT WARNING * * *
The orc hits you with a whip.
* * * LOW HITPOINT WARNING * * *
You take 3 damage, and have 28/76 hp.
You closely miss the orc wizard.
The orc wizard is moderately wounded.
The orc priest shouts, "Beogh is our master!
Accept the truth or die!"
You slash the orc!
You kill the orc!
Trog accepts your kill.
The orc priest calls upon Beogh to heal the orc wizard.
The orc wizard is healed somewhat.
The orc wizard hits you with a dagger.
* * * LOW HITPOINT WARNING * * *
You take 5 damage, and have 23/76 hp.
Unknown command.
You feel a strong urge to attack something.
The orc wizard hits you but does no damage.
Unknown command.
The orc priest threatens, "By the altar or by the axe, you will meet Beogh!"
You slash the orc wizard!
The orc wizard is severely wounded.
You completely miss the orc priest.
You feel less confused.
You are no longer berserk.
You are exhausted.
You feel yourself slow down. The orc priest hits you with a club.
* * * LOW HITPOINT WARNING * * *
You now have 10/51 hp.
Unknown command.
Your skin crawls.
You feel resistant to hostile enchantments.
You feel somewhat more hungry.
A jackal comes into view.
The orc wizard hits you with a dagger.
* * * LOW HITPOINT WARNING * * *
The orc priest calls down the wrath of Beogh upon you.
You resist with almost no effort. The orc wizard barely misses you.
You take 2 damage, and have 8/51 hp.
Unknown command.
You barely miss the orc priest.
The orc priest shouts, "Join the one true god or die!"
The orc priest is heavily wounded.
You closely miss the orc wizard.
The jackal barks!
The orc priest shouts, "Surrender to Beogh and we'll let you live!"
The orc priest closely misses you.
The orc wizard gestures at you while chanting.
The magic dart hits you!
You die...

█...........
█.█████████.██...████
.........██.██.█.█
............██.█.█
█.█████..........█
█..█████.███ █ █..█ █
█.█████..█ █...@█.█.█
████oo███.█ ...:.hZ██
█.█ ..████oh ██ █.█.
.h... ... .$ ██.█ ███
█.


You could see an orc priest, an orc wizard, an orc, 3 jackals and a hound
skeleton.

Vanquished Creatures
  2 scorpions (D:4)
  2 orc priests (D:3)
  A jelly (D:5)
  A worker ant (D:4)
  6 adders
  An ooze (D:3)
  An adder zombie (D:4)
  5 worms
  4 dart slugs
  2 leopard geckos
  8 orcs
  5 ball pythons
  7 bats
  A giant cockroach (D:2)
  9 hobgoblins
  2 frilled lizards
  8 goblins
  6 kobolds
  7 rats
78 creatures vanquished.

Notes
Turn   | Place    | Note
-------+----------+-------------------------------------------
     0 | D:1      | Goblin1989 the Hill Orc Berserker began the quest for the Orb.
     0 | D:1      | Reached XP level 1. HP: 19/19 MP: 1/1
   210 | D:1      | Reached XP level 2. HP: 16/26 MP: 2/2
   370 | D:1      | Reached skill level 5 in Axes
   777 | D:2      | Reached XP level 3. HP: 29/31 MP: 3/3
   848 | D:2      | Reached ** piety under Trog
  1193 | D:2      | Reached skill level 6 in Axes
  1520 | D:2      | Reached XP level 4. HP: 33/39 MP: 4/4
  2099 | D:3      | Reached skill level 7 in Axes
  2629 | D:3      | Found a shimmering altar of Xom.
  2629 | D:3      | Found an ancient bone altar of Kikubaaqudgha.
  2672 | D:3      | Reached XP level 5. HP: 30/45 MP: 5/5
  3035 | D:3      | Noticed a hand axe
  3035 | D:3      | Noticed a hand axe
  3128 | D:3      | Found a hide-covered altar of Uskayaw.
  3159 | D:3      | Reached skill level 8 in Axes
  3351 | D:3      | Found a sparkling altar of Nemelex Xobeh.
  3352 | D:3      | Found an opulent altar of Gozag.
  3456 | D:4      | Reached XP level 6. HP: 35/51 MP: 6/6
  3566 | D:4      | Found a staircase to the Ecumenical Temple.
  3645 | D:4      | Reached skill level 9 in Axes
  3886 | D:4      | Found a stormy altar of Qazlal.
  4205 | D:5      | Entered Level 5 of the Dungeon
  4768 | D:5      | Killed from afar by an orc wizard

Skill      XL: |  1  2  3  4  5  6 |
---------------+-------------------+-----
Axes           | 5 6 7 8 9 |  9.6
Fighting       | |  3.6
Armour         | |  2.1
Dodging        | |  1.5

Action                   |  1- 3 |  4- 6 || total
-------------------------+-------+-------++-------
Melee: Hand axe          |    96 |   177 ||   273
Invok: Berserk           |     1 |     4 ||     5
       Trog's Hand       |       |     2 ||     2
  Use: Scroll            |       |    10 ||    10
 Stab: Sleeping          |     1 |       ||     1
  Eat: Chunk             |     2 |    10 ||    12
       Ration            |       |     1 ||     1
Armor: Animal skin       |    25 |    16 ||    41
Dodge: Dodged            |    63 |    84 ||   147

Vault maps used:
D:1:      dpeg_arrival_renting
D:2:      minmay_shallow_snake_nest
D:3:      grunt_temple_overflow_opulence, dancing_weapons_uskayaw,
          gammafunk_temple_overflow_wave
D:4:      grunt_qazlal_sundering, minmay_temple_entry_mist
D:5:      first_ration
